 Dungeon Crawl Stone Soup version 0.31.0-12-g77e489cdc1 (webtiles) character file.

Game seed: 9350822721909329487

24 Doomgape the Trooper (level 2, -2/24 HPs)
             Began as a Demonspawn Monk on Mar 4, 2024.
             Slain by Terence
             ... wielding a +0 flail
              (9 damage)
             ... on level 2 of the Dungeon.
             The game lasted 00:03:03 (632 turns).

Doomgape the Trooper (Demonspawn Monk)               Turns: 632, Time: 00:03:04

Health: -2/24      AC:  2    Str: 11    XL:     2   Next: 79%
Magic:  2/2        EV: 13    Int: 10    God:
Gold:   41         SH:  0    Dex: 15    Spells: 1/1 levels left

rFire   . .          .
                       - Unarmed
rCold   . . .        (no shield)
rNeg    . . .        a - +0 robe
rPois   .            (no helmet)
rElec   .            (no cloak)
rCorr   .            (no gloves)
SInv    .            (no boots)
Will    .....        (no amulet)
Stlth   +            (no ring)
HPRegen 0.24/turn    (no ring)
MPRegen 0.08/turn

%: no passive effects
@: no status effects
A: demonic magic 1
a: no special abilities


You were on level 2 of the Dungeon.
You visited 1 branch of the dungeon, and saw 2 of its levels.

You collected 41 gold pieces.

Inventory:

Armour
 a - a +0 robe (worn)
 c - an orb of light
Scrolls
 b - a scroll of noise {unknown}
 e - a scroll of summoning {unknown}
 g - 2 scrolls of enchant weapon {unknown}
Potions
 d - a potion of mutation {unknown}
 f - a potion of degeneration {unknown}
 h - a potion of curing {unknown}


   Skills:
 + Level 3.4 Fighting
 + Level 3.0 Dodging
 + Level 3.0 Unarmed Combat


You had one spell level left.
You didn't know any spells.
Your spell library was empty.

Dungeon Overview and Level Annotations

Branches:
Dungeon (2/15)

Altars:

Annotations:
D:2 Terence


Innate Abilities, Weirdness & Mutations

Spells you cast may paralyse adjacent enemies.


Message History

You feel sick.
Your Dodging skill increases to level 3!
Your Unarmed Combat skill increases to level 3!
You feel sick.
You feel sick.
You are no longer poisoned.
b - a scroll labelled CIUB MAVOAPOJ You start resting.
HP restored.
You bump into the rock wall.
You feel less invigorated.
You feel less confused.
Found a stone staircase leading down.
There is a stone staircase leading down here.
You now have 41 gold pieces (gained 2).
Terence the Incautious comes into view.
He is wielding a +0 flail and wearing a +0 ring mail of cold resistance.
Found a sling.
Terence shouts!
Okay, then.
You hit Terence but do no damage. Terence hits you with a +0 flail.
You hit Terence.
Terence is moderately wounded.
Terence closely misses you.
You closely miss Terence.
Terence is moderately wounded.
Terence closely misses you.
You closely miss Terence.
Terence is moderately wounded.
Terence hits you with a +0 flail!
You hit Terence.
Terence is heavily wounded.
Terence hits you with a +0 flail.
* * * LOW HITPOINT WARNING * * *
You hit Terence.
Terence is heavily wounded.
Terence barely misses you.
You hit Terence.
Terence is severely wounded.
Terence hits you with a +0 flail!
You die...
Terence says, "Rest in peace."

################
...............#
...........# #.#
##########.###.##
#......>.....#
#.#####.###..##
#.# #...##
#.##..#@.#
#....###@.......
#.##. ..######)
#.### ..## #..
..# ... .... .###


You could see Terence.

Vanquished Creatures
  An adder (D:2)
  A dart slug (D:1)
  A bat (D:1)
  2 giant cockroaches (D:1)
  2 goblins (D:1)
  A hobgoblin (D:1)
  A kobold (D:1)
  A quokka (D:1)
  A ball python (D:1)
  A rat (D:1)
12 creatures vanquished.

Notes
Turn   | Place    | Note
-------+----------+-------------------------------------------
     0 | D:1      | Doomgape the Demonspawn Monk began the quest for the Orb.
     0 | D:1      | Reached XP level 1. HP: 18/18 MP: 1/1
   229 | D:1      | Gained mutation: Spells you cast may paralyse adjacent
                  | enemies. [demonic ancestry]
   229 | D:1      | Reached XP level 2. HP: 19/24 MP: 2/2
   623 | D:2      | Noticed Terence
   632 | D:2      | Slain by Terence

Illustrated notes

Levels and vault maps discovered:
D:1:      tarquinn_simple_flora_water_a, layout_rooms
D:2:      cheibrodos_helix_gallery, layout_loops_ring, serial_shops,
          nicolae_shop_stone, shop, uniq_terence

Skill      XL: |  1  2 |
---------------+-------+-----
Dodging        | 3 |  3.0
Unarmed Combat | 3 |  3.0
Fighting       | |  3.4

Action                     || total
---------------------------++-------
  Melee: Unarmed           ||    70
    Use: Potion            ||     1
 Armour: Robe              ||    33
  Dodge: Dodged            ||    51
